 Dungeon Crawl Stone Soup version 0.16-a0-4099-g0be755f (console) character file.

455 mauris the Grasshopper (level 6, -1/52 HPs)
             Began as a Centaur Warper on Feb 25, 2015.
             Slain by an adder skeleton (4 damage)
             ... on level 5 of the Dungeon.
             The game lasted 00:17:04 (4490 turns).

mauris the Grasshopper (Centaur Warper)             Turns: 4490, Time: 00:17:04

Health: -1/52      AC:  5    Str: 20    XL:     6   Next: 76%
Magic:  8/8        EV:  9    Int: 13    God:
Gold:   63         SH:  0    Dex:  8    Spells: 3 memorised, 1 level left

rFire  . . .     SeeInvis +     a - +0 trident
rCold  . . .     Clarity  .     b - +0 leather armour
rNeg   . . .     SustAb   .     (no shield)
rPois  .         Gourm    .     o - +0 helmet
rElec  .         Spirit   .     (no cloak)
rCorr  .         Warding  .     (no gloves)
rMut   .         Stasis   .     (no barding)
MR     .....                    p - amulet of regeneration
Stlth  ..........               (no ring)
                                s - ring of see invisible

@: mighty, very quick, not resistant to hostile enchantments, extremely
unstealthy
A: hooves 3, deformed body, speed 2, tough skin 3
a: no special abilities


You were on level 5 of the Dungeon.
You were very hungry.

You visited 1 branch of the dungeon, and saw 5 of its levels.
You visited the Abyss 1 time.

You collected 63 gold pieces.

Inventory:

Hand weapons
 a - a +0 trident (weapon)
 q - a +1 whip of distortion {!w}
 v - a +0 hand axe
Missiles
 e - 2 tomahawks of dispersal (quivered) {!f}
 r - 2 tomahawks
Armour
 b - a +0 leather armour (worn)
 o - a +0 helmet (worn)
 w - a +1 centaur barding
Jewellery
 p - an amulet of regeneration (around neck)
 s - a ring of see invisible (left hand)
Scrolls
 d - a scroll of blinking
 g - a scroll of teleportation {unknown}
 h - a scroll of identify {@r1}
 i - 3 scrolls of remove curse
 l - 2 scrolls of random uselessness
Potions
 k - a potion of brilliance
 u - a potion of resistance
Books
 c - a book of Spatial Translocations

   Spells                             Type                      Level
   a - Apportation                    Translocation                1
   b - Blink                          Translocation                2
   c - Shroud of Golubria             Charms/Translocation         2
   d - Portal Projectile              Translocation                3
   e - Teleport Other                 Translocation                3
   f - Passage of Golubria            Translocation                4
 j - a book of Transfigurations

   Spells                             Type                      Level
   a - Stoneskin                      Transmutation/Earth          2
   b - Irradiate                      Conjuration/Transmutation    5
   c - Statue Form                    Transmutation/Earth          6
   d - Hydra Form                     Transmutation                6
   e - Dragon Form                    Transmutation                7
Comestibles
 f - a bread ration
 m - a slice of pizza
 n - 2 fruits


   Skills:
 + Level 3.9 Fighting
 + Level 3.9 Polearms
 - Level 1.3 Throwing
 - Level 0.6 Armour
 - Level 1.3 Dodging
 - Level 1.5 Spellcasting
 - Level 5.1 Translocations


You had one spell level left.
You knew the following spells:

 Your Spells              Type           Power        Failure   Level  Hunger
a - Passage of Golubria   Tloc           N/A          38%         4    #####..
A - Apportation           Tloc           ##........   4%          1    ##.....
B - Blink                 Tloc           N/A          8%          2    ###....


Dungeon Overview and Level Annotations

Branches:
Dungeon (5/15)
 Temple: D:4-7

Altars:
Dithmenos
Elyvilon

Shops:
D:4 (

Annotations:
D:2 Natasha
D:4 blork!, Blork the orc


Innate Abilities, Weirdness & Mutations

You have hooves in place of feet.
Armour fits poorly on your strangely shaped body.
You cover ground very quickly.
You have extremely tough skin (AC +3).


Message History

Damage: -6%(-3hp) hp: 26%(13hp) Drink which item? (? for menu, Esc to quit)
Okay, then.
You barely miss the giant frog. You kick the giant frog.
The giant frog is almost dead.
The giant frog barely misses you. The giant frog hits you!
* * * LOW HITPOINT WARNING * * *
Huge Dmg: -12%(-6hp) hp: 14%(7hp) Unknown command.
Drink which item? (? for menu, Esc to quit)
You feel very mighty all of a sudden. The giant frog hits you.
* * * LOW HITPOINT WARNING * * *
Huge Dmg: -12%(-6hp) hp: 2%(1hp)
You puncture the giant frog!
You kill the giant frog!
You barely miss the adder skeleton.
The adder skeleton bites you but does no damage.
The adder skeleton bites you.
You die...

####### ... .....
.....###...####..
....(............
#.....Z.........<
#..###.######
#...@Z<.....#
#...#####.###
#... # ....%
#.#... # #...
#<#. .... .


You could see an adder skeleton.

Vanquished Creatures
  A phantom (D:4)
  A giant frog (D:5)
  A hound (D:4)
  An orc priest (D:3)
  A worker ant (D:3)
  3 gnolls (D:3)
  9 adders
  A giant mite (D:4)
  4 giant geckos
  7 orcs
  2 ball pythons (D:1)
  5 goblins
  9 hobgoblins
  3 jackals (D:3)
  12 kobolds
  A quokka (D:3)
  9 bats
  7 giant cockroaches
  A giant gecko skeleton (D:4)
  2 giant newts (D:1)
  11 rats
91 creatures vanquished.

Notes
Turn   | Place    | Note
--------------------------------------------------------------
     0 | D:1      | mauris, the Centaur Warper, began the quest for the Orb.
     0 | D:1      | Reached XP level 1. HP: 17/17 MP: 2/2
    70 | D:1      | Huge Dmg: 4 Dmg
    80 | D:1      | Huge Dmg: 4 Dmg
   151 | D:1      | Reached XP level 2. HP: 16/24 MP: 3/3
   318 | D:1      | Huge Dmg: 9 Dmg
   670 | D:2      | Reached skill level 3 in Translocations
  1030 | D:1      | Reached XP level 3. HP: 26/29 MP: 5/5
  1286 | D:2      | Huge Dmg: 5 Dmg
  1289 | D:2      | Huge Dmg: 4 Dmg
  1290 | D:2      | Huge Dmg: 4 Dmg
  1291 | D:2      | Huge Dmg: 2 Dmg
  1292 | D:2      | Huge Dmg: 2 Dmg
  1295 | D:2      | Huge Dmg: 4 Dmg
  1565 | D:2      | Huge Dmg: 4 Dmg
  1739 | D:2      | Cast into the Abyss (kobold)
  1755 | D:2      | Escaped the Abyss
  1760 | D:2      | Huge Dmg: 6 Dmg
  1843 | D:2      | Reached skill level 4 in Translocations
  1843 | D:2      | Reached XP level 4. HP: 31/36 MP: 5/5
  2025 | D:2      | Found a white marble altar of Elyvilon.
  2114 | D:2      | Huge Dmg: 8 Dmg
  2475 | D:3      | Huge Dmg: 9 Dmg
  2553 | D:3      | Huge Dmg: 6 Dmg
  2637 | D:3      | Noticed Natasha
  2673 | D:2      | Huge Dmg: 7 Dmg
  2676 | D:2      | Huge Dmg: 4 Dmg
  2680 | D:2      | Huge Dmg: 8 Dmg
  2848 | D:3      | Huge Dmg: 4 Dmg
  2883 | D:3      | Reached XP level 5. HP: 33/41 MP: 6/6
  2921 | D:3      | Huge Dmg: 7 Dmg
  2923 | D:3      | Reached skill level 5 in Translocations
  3080 | D:2      | Huge Dmg: 7 Dmg
  3110 | D:2      | Learned a level 2 spell: Blink
  3115 | D:2      | Learned a level 4 spell: Passage of Golubria
  3693 | D:3      | Huge Dmg: 9 Dmg
  3951 | D:4      | Noticed Blork the orc
  3977 | D:4      | Reached XP level 6. HP: 38/51 MP: 6/8
  4013 | D:4      | Found Cleimel's Weapon Boutique.
  4124 | D:4      | Found a shadowy altar of Dithmenos.
  4464 | D:5      | Entered Level 5 of the Dungeon
  4486 | D:5      | Huge Dmg: 10 Dmg
  4488 | D:5      | Huge Dmg: 6 Dmg
  4488 | D:5      | HP: 1/51 [giant frog (6)]
  4489 | D:5      | Huge Dmg: 6 Dmg
  4490 | D:5      | Slain by an adder skeleton

Action                   |  1- 3 |  4- 6 || total
-------------------------+-------+-------++-------
Melee: Spear             |   169 |   285 ||   454
       Trident           |       |    88 ||    88
Throw: Tomahawk          |     1 |     2 ||     3
 Cast: Apportation       |     2 |     1 ||     3
       Passage of Golubr |       |     2 ||     2
  Use: Potion            |     3 |     1 ||     4
       Scroll            |       |     7 ||     7
  Eat: Chunk             |     2 |    10 ||    12

Vault maps used:
D:1:      eino_arrival_tree_alley
D:2:      elyvilon_altar_3
D:3:      uniq_natasha
D:4:      minmay_temple_entry_purple_smoke, serial_shops,
          nicolae_shop_behind_doors, nicolae_dithmenos_the_darkroom,
          uniq_blork_the_orc
D:5:      kennysheep_mini, grunt_temple_overflow_open, first_bread,
          minmay_misc_feat_four_crosses
